 Dungeon Crawl Stone Soup version 0.20.1-1-g8b1a95d (webtiles) character file.

40 niquify the Sneak (level 3, -3/18 HPs)
             Began as a Spriggan Assassin on Oct 12, 2017.
             Slain by a worm (10 damage)
             ... on level 2 of the Dungeon on Oct 13, 2017.
             The game lasted 00:11:46 (1759 turns).

niquify the Sneak (Spriggan Assassin)               Turns: 1759, Time: 00:11:47

Health: -3/18      AC:  3    Str:  7    XL:     3   Next: 30%
Magic:  4/4        EV: 17    Int: 12    God:
Gold:   53         SH:  0    Dex: 18    Spells: 2/2 levels left

rFire    . . .     SeeInvis +   a - +2 dagger
rCold    . . .     Gourm    .   (shield restricted)
rNeg     . . .     Faith    .   i - +0 robe
rPois    .         Spirit   .   (helmet restricted)
rElec    .         Reflect  .   d - +0 cloak
rCorr    .         Harm     .   (gloves unavailable)
MR       .....                  (boots unavailable)
Stlth    ++++......             (no amulet)
Regen    0.1/turn               (no ring)
MPRegen  0.1/turn               (no ring)

@: very quick
A: unfitting armour, see invisible, herbivore 3, speed 3, slow metabolism 2
a: no special abilities


You were on level 2 of the Dungeon.
You were not hungry.

You visited 1 branch of the dungeon, and saw 2 of its levels.

You collected 53 gold pieces.

Inventory:

Hand Weapons
 a - a +2 dagger (weapon)
 b - a +0 blowgun
 m - a +0 hunting sling
Missiles
 f - a curare-tipped needle
 n - 19 stones (quivered)
Armour
 c - a +0 robe
 d - a +0 cloak (worn)
 i - a +0 robe (worn)
Scrolls
 j - 2 scrolls of identify
 k - a scroll of recharging {unknown}
 l - a scroll of fear {unknown}
Potions
 h - 3 potions of heal wounds
 o - a potion of mutation {unknown}
 p - a potion of degeneration {unknown}
 q - a potion of experience {unknown}
Comestibles
 g - 2 bread rations


   Skills:
 - Level 1.7 Fighting
 + Level 2.2 Short Blades
 * Level 2.7 Throwing
 + Level 2.0 Dodging
 * Level 6.8 Stealth


You had 2 spell levels left.
You didn't know any spells.

Dungeon Overview and Level Annotations

Branches:
Dungeon (2/15)

Altars:


Innate Abilities, Weirdness & Mutations

You are very small and have problems with some larger weapons.
You are too small for most types of armour.
You have supernaturally acute eyesight. (SInv)
You are a herbivore.
You cover ground extremely quickly.
You need consume almost no food.


Message History

The worm looks as sick as possible!
Firing (i - inventory. (,) - cycle):
e - 2 poisoned needles (quivered)
Press: ? - help, Shift-Dir - straight line, f/p - worm
Aim: a worm (lightly wounded, poisoned)
You shoot a poisoned needle. The poisoned needle hits the worm.
The worm looks as sick as possible!
The worm is lightly wounded.
Firing (i - inventory. (,) - cycle):
e - a poisoned needle (quivered)
Press: ? - help, Shift-Dir - straight line, f/p - worm
Aim: a worm (moderately wounded, poisoned)
You shoot a poisoned needle. The poisoned needle hits the worm!
The worm looks as sick as possible!
The worm is moderately wounded.
Wield which item (- for none, * to show all)? (? for menu, Esc to quit)
a - a +2 dagger (weapon)
You hit the worm.
The worm is moderately wounded.
The worm bites you!
Ouch! That really hurt!
You die...

##### .###
....######################...####
((.........>....)........<.......
.w†.##########################...
##..### #############
##.(.###.....#.....######
###.##..................
#.(((((...........#
###......((w@.....#
.###.....<.........#
...................#
####..................
..................###.l
.####............... #
#<######.######.. ... #... #.
..... #..#


You could see a worm.

Vanquished Creatures
  An adder (D:2)
  A worm (D:2)
  3 dart slugs (D:1)
  A leopard gecko (D:2)
  2 bats
  A giant cockroach (D:1)
  3 goblins
  2 hobgoblins (D:1)
  3 kobolds
  A quokka (D:2)
  2 frilled lizards (D:1)
  A rat (D:1)
21 creatures vanquished.

Notes
Turn   | Place    | Note
-------+----------+-------------------------------------------
     0 | D:1      | niquify the Spriggan Assassin began the quest for the Orb.
     0 | D:1      | Reached XP level 1. HP: 10/10 MP: 2/2
    29 | D:1      | Reached skill level 6 in Stealth
   229 | D:1      | Reached XP level 2. HP: 14/14 MP: 3/3
  1085 | D:2      | Reached XP level 3. HP: 6/18 MP: 4/4
  1759 | D:2      | Slain by a worm

Skill      XL: |  1  2  3 |
---------------+----------+-----
Stealth        | 6 |  6.8
Dodging        | 2 |  2.0
Fighting       | |  1.7
Short Blades   | |  2.2
Throwing       | |  2.7

Action                   || total
-------------------------++-------
Melee: Dagger            ||    57
 Fire: Blowgun           ||    46
       Hunting sling     ||    24
Throw: Stone             ||     2
  Use: Scroll            ||     1
 Stab: Sleeping          ||     1
Armor: Robe              ||     8
Dodge: Dodged            ||    60
